Map: Bel'Shir Vestige LE (Void)

Players

CatZ - Winner!

  • Race: Zerg Zerg
  • Spawn Location: 11:00

Pono

  • Race: Zerg Zerg
  • Spawn Location: 5:00

Event: WCS Austin 2017

VOD

Have the link to the VOD?

Description

Time

  • Played on: April 28, 2017, 2:33 p.m.
  • Length: 9:35

All games in this series

Show
View Real Time Build Order
Export as new Build Order

CatZ Zerg - Winner!

Build Orders: Pool First, Zergling Baneling 

Get SALT Encoding   

  12  0:00  Drone  
  13  0:12  Overlord  
  13  0:16  Drone  
  14  0:31  Drone x2  
  14  0:35  Drone  
  17  0:43  Extractor  
  17  0:46  Drone  
  17  0:51  Spawning Pool  
  16  0:57  Drone  
  17  1:11  Drone  
  18  1:19  Drone  
  19  1:38  Drone, Zergling x2  
  21  1:45  Queen  
  22  1:48  Metabolic Boost  
  22  1:53  Overlord  
  22  2:00  Hatchery  
  21  2:14  Zergling x2  
  21  2:15  Zergling x2  
  23  2:20  Queen  
  23  2:22  Drone  
  26  2:26  Baneling Nest  
  25  2:37  Overlord  
  25  2:48  Zergling x2  
  25  2:55  Zergling x6  
  25  2:58  Queen  
  28  2:59  Zergling x2  
  31  3:19  Baneling  
  31  3:20  Baneling  
  31  3:24  Baneling x3  
  31  3:25  Zergling x8  
  31  3:26  Zergling x6  
  38  3:37  Drone x2  
  39  3:43  Baneling  
  39  3:47  Drone  
  40  3:53  Drone  
  40  3:57  Zergling x4  
  40  4:00  Zergling x4  
  43  4:10  Drone  
  43  4:12  Overlord  
  43  4:14  Overlord  
  43  4:20  Drone  
  40  4:33  Drone x2  
  40  4:34  Baneling  
  40  4:35  Baneling  
  40  4:38  Drone x2  
  42  4:39  Drone  
  42  4:40  Drone  
  42  4:44  Roach Warren  
  43  4:46  Baneling x2  
  43  4:49  Drone x2  
  43  4:50  Drone  
  46  4:57  Drone x2  
  46  4:58  Drone  
  47  5:04  Drone  
  47  5:06  Zergling x4  
  48  5:12  Drone x2, Extractor  
  48  5:14  Drone x2  
  50  5:15  Evolution Chamber  
  50  5:17  Drone  
  50  5:19  Baneling x2  
  51  5:24  Drone x2  
  51  5:26  Drone  
  53  5:30  Zergling x2  
  53  5:35  Zergling x2  
  54  5:39  Zergling x2  
  54  5:46  Zergling x10  
  54  5:47  Zergling x2  
  54  5:48  Pneumatized Carapace  
  57  5:51  Extractor  
  57  5:52  Extractor  
  57  5:54  Roach  
  57  5:56  Roach  
  59  5:57  Baneling  
  59  6:03  Drone  
  60  6:12  Overlord  
  60  6:14  Overlord  
  60  6:17  Overlord  
  60  6:25  Roach x2  
  58  6:26  Roach  
  54  6:34  Roach x3  
  54  6:36  Drone  
  54  6:38  Drone x2  
  54  6:39  Drone x4  
  67  6:40  Lair  
  67  6:44  Baneling x2  
  67  6:49  Drone x2  
  69  6:57  Drone  
  69  6:58  Zerg Missile Weapons Level 1  
  70  7:03  Drone  
  71  7:10  Overlord  
  71  7:11  Drone  
  71  7:12  Drone x2, Hatchery  
  72  7:18  Roach x2  
  72  7:30  Roach x2  
  72  7:35  Roach  
  72  7:37  Roach x2  
  82  7:38  Spine Crawler  
  82  7:40  Queen, Roach  
  82  7:41  Glial Reconstitution, Spine Crawler  
  84  7:46  Roach  
  84  7:47  Roach  
  84  7:49  Roach  
  91  7:52  Roach  
  92  8:03  Roach  
  92  8:05  Roach x2  
  88  8:06  Roach x2  
  88  8:08  Drone  
  88  8:09  Queen  
  88  8:10  Drone  
  88  8:11  Drone  
  91  8:16  Queen  
  89  8:22  Roach  
  89  8:27  Ravager  
  89  8:28  Ravager  
  89  8:30  Drone  
  86  8:36  Drone x2  
  88  8:44  Roach x2  
  92  8:53  Overlord x2  
  92  8:58  Hatchery  
  91  9:05  Overlord  
  91  9:08  Drone  
  92  9:10  Overlord  
  92  9:13  Roach x2  
  96  9:18  Drone x2  
Show
View Real Time Build Order
Export as new Build Order

Pono Zerg 

Build Orders: Pool First 

Get SALT Encoding   

  12  0:02  Drone  
  13  0:12  Overlord  
  13  0:17  Drone  
  14  0:31  Drone x2  
  14  0:34  Drone  
  17  0:46  Spawning Pool  
  17  0:49  Drone  
  17  0:55  Drone  
  18  0:57  Extractor  
  17  1:19  Hatchery  
  17  1:24  Drone  
  17  1:32  Queen  
  17  1:37  Drone  
  20  1:41  Drone  
  20  1:45  Drone  
  22  1:52  Overlord  
  22  2:02  Metabolic Boost  
  22  2:10  Queen  
  22  2:14  Zergling x2  
  25  2:16  Zergling x2  
  26  2:31  Zergling x2  
  26  2:35  Zergling x2  
  26  2:36  Zergling x2  
  29  2:44  Spore Crawler  
  29  2:47  Zergling x4  
  29  2:48  Zergling x4  
  29  2:50  Overlord  
  33  3:00  Zergling x2  
  33  3:04  Zergling x4  
  34  3:13  Zergling x2  
  34  3:18  Zergling x2  
  34  3:19  Zergling x6  
  39  3:24  Zergling x6  
  39  3:26  Overlord  
  42  3:39  Zergling x6  
  37  3:48  Drone x2  
  37  3:49  Drone  
  38  3:57  Zergling x2  
  38  3:58  Zergling x8  
  41  4:03  Drone  
  41  4:09  Zergling x2  
  41  4:13  Zergling x2  
  42  4:19  Zergling x6  
  39  4:26  Zergling x2  
  39  4:30  Queen, Zergling x2  
  37  4:32  Zergling x4  
  37  4:33  Zergling x4  
  41  4:40  Drone  
  42  4:47  Drone  
  42  4:51  Drone  
  41  4:57  Zergling x2  
  38  5:06  Zergling x4  
  32  5:13  Drone  
  32  5:14  Roach Warren  
  32  5:16  Drone  
  32  5:18  Zergling x2  
  32  5:19  Zergling x4  
  34  5:29  Zergling x4  
  34  5:44  Zergling x6  
  34  5:45  Zergling x4  
  34  5:47  Drone x2  
  34  5:48  Drone  
  39  5:50  Drone  
  39  5:53  Drone  
  41  5:58  Overlord  
  41  6:06  Roach  
  41  6:10  Overlord  
  42  6:19  Roach x4  
  42  6:23  Zergling x2  
  49  6:28  Zergling x6  
  44  6:34  Roach  
  46  6:41  Roach x2  
  46  6:45  Overlord  
  50  6:51  Zergling x2  
  53  6:54  Roach  
  53  7:01  Roach  
  55  7:06  Overlord  
  55  7:08  Zergling x6  
  58  7:14  Zergling x8  
  59  7:23  Zergling x4  
  61  7:31  Overlord  
  61  7:33  Zergling x2  
  62  7:42  Zergling x12  
  68  7:46  Zergling x2  
  67  8:02  Roach x2  
  62  8:09  Zergling x6  
  62  8:10  Zergling x10  
  63  8:19  Zergling x2  
  58  8:26  Zergling x2  
  52  8:40  Zergling x4  
  52  8:44  Zergling x2  
  52  8:45  Zergling x2  
  54  8:50  Spine Crawler x2  
  54  8:51  Hatchery  
  54  8:54  Zergling x2  
  52  9:03  Zergling x4  
  52  9:04  Zergling x2  
  52  9:09  Zergling x8  
  60  9:10  Zergling x4  
  60  9:16  Overlord  
Tags
 
Add a new tag
Caveats
  • Supply blocks, unpowered buildings, or Contaminate may cause inaccurate times.
  • Supply counts are checked every 10 seconds.